 Dungeon Crawl Stone Soup version 0.26.1-11-gd32895ea62 (webtiles) character file.

Game seed: 12529583106828913670

131 Almogavar the Poker (level 5, 0/64 HPs)
             Began as a Gnoll Wanderer on Apr 26, 2021.
             Slain by Dowan
             ... wielding a +0 dagger of electrocution
              (2 damage)
             ... on level 4 of the Dungeon.
             The game lasted 00:05:35 (2499 turns).

Almogavar the Poker (Gnoll Wanderer)                Turns: 2499, Time: 00:05:35

Health: 0/64       AC: 22    Str: 15    XL:     5   Next: 14%
Magic:  7/7        EV:  2    Int: 15    God:
Gold:   141        SH:  0    Dex: 14    Spells: 6/6 levels left

rFire    . . .     SeeInvis .     - Unarmed
rCold    . . .     Faith    .   (no shield)
rNeg     + + +     Spirit   .   (armour currently unavailable)
rPois    +         Reflect  .   (helmet currently unavailable)
rElec    .         Harm     .   (cloak currently unavailable)
rCorr    .         Rampage  .   (gloves currently unavailable)
Will     .....     NoTele   +   (boots currently unavailable)
Stlth    +++.......             (no amulet)
HPRegen  0.20/turn              (no ring)
MPRegen  0.10/turn              (no ring)

@: tree-form
A: distributed training, strong nose
a: no special abilities


You were on level 4 of the Dungeon.
You were a tree.
You visited 1 branch of the dungeon, and saw 6 of its levels.

You collected 141 gold pieces.

Inventory:

Hand Weapons
 a - a +2 spear
 e - a +0 dagger
Missiles
 j - 75 stones (quivered)
 p - 23 sling bullets
Armour
 d - a +0 robe (melded)
 k - a +0 chain mail
 m - a +0 ring mail
Jewellery
 o - a cursed +4 ring of evasion {unknown}
Wands
 q - a wand of iceblast (7)
Scrolls
 h - 2 scrolls of teleportation
 i - a scroll of remove curse
 n - 2 scrolls of fear {unknown}
Potions
 b - a potion of curing
 g - 3 potions of degeneration {unknown}
 l - a potion of ambrosia {unknown}


   Skills:
 + Level 4.7 Fighting
 + Level 2.9 Short Blades
 + Level 1.4 Long Blades
 + Level 1.4 Axes
 + Level 1.4 Maces & Flails
 + Level 6.6 Polearms
 + Level 1.4 Staves
 + Level 1.4 Slings
 + Level 1.4 Bows
 + Level 1.4 Crossbows
 + Level 1.4 Throwing
 + Level 1.4 Armour
 + Level 2.9 Dodging
 + Level 4.3 Stealth
 + Level 1.4 Shields
 + Level 1.4 Unarmed Combat
 + Level 1.4 Spellcasting
 + Level 1.1 Conjurations
 + Level 1.1 Hexes
 + Level 1.1 Summonings
 + Level 1.1 Necromancy
 + Level 1.1 Translocations
 + Level 1.1 Transmutations
 + Level 1.1 Fire Magic
 + Level 1.1 Ice Magic
 + Level 1.1 Air Magic
 + Level 1.1 Earth Magic
 + Level 1.1 Poison Magic
 + Level 1.5 Invocations
 + Level 2.9 Evocations


You had 6 spell levels left.
You didn't know any spells.
Your spell library contained the following spells:

 Spells                   Type           Power        Failure   Level
 Animate Skeleton         Necr           8%           16%         1
 Apportation              Tloc           8%           16%         1
 Corona                   Hex            4%           16%         1
 Summon Small Mammal      Summ           16%          16%         1


Dungeon Overview and Level Annotations

Branches:
Dungeon (6/15)
 Temple: D:4-7

Altars:

Annotations:
D:4 Dowan, Duvessa


Innate Abilities, Weirdness & Mutations

Your experience applies equally to all skills.
((You have very sharp teeth.))
Your uncanny sense of smell can sniff out nearby items.


Message History

Duvessa hits you but does no damage. Dowan hits you but does no damage.
You are electrocuted!
* * * LOW HITPOINT WARNING * * *
You smack Duvessa!
Duvessa is severely wounded.
Duvessa hits you but does no damage. Dowan hits you but does no damage.
You are electrocuted!
* * * LOW HITPOINT WARNING * * *
You feel better. Duvessa hits you but does no damage.
Dowan hits you but does no damage.
You smack Duvessa!
Duvessa is almost dead.
Duvessa hits you but does no damage. Dowan hits you but does no damage.
You are electrocuted!
* * * LOW HITPOINT WARNING * * *
You barely miss Duvessa.
Duvessa is almost dead.
Duvessa barely misses you.
Dowan hits you with a +0 dagger of electrocution.
You die...

∆ # ###.
...#########
##.[......#
#..e......#
#......#♣e....#
#......#..>.).#
#......#.#....#
#..o...#......#
#.e....#.##...#
.......#......#
#####.#####.#.#
∆ #.#.# #.#..


You could see Duvessa and Dowan.

Vanquished Creatures
  A bullfrog zombie (D:5)
  Ijyb (D:4)
  3 worms (D:2)
  3 dart slugs
  A leopard gecko (D:1)
  4 orcs (D:3)
  4 giant cockroaches
  4 goblins
  5 hobgoblins
  9 jackals
  5 kobolds
  A quokka (D:3)
  A ball python (D:1)
  3 bats
  7 frilled lizards
  4 rats
56 creatures vanquished.

Notes
Turn   | Place    | Note
-------+----------+-------------------------------------------
     0 | D:1      | Almogavar the Gnoll Wanderer began the quest for the Orb.
     0 | D:1      | Almogavar set off with the following items: a +2 spear, a
                  | potion of curing, a potion of lignification, a +0 robe, a
                  | +0 dagger
     0 | D:1      | Reached XP level 1. HP: 20/20 MP: 1/1
   106 | D:1      | Reached XP level 2. HP: 26/26 MP: 2/2
   591 | D:1      | Reached XP level 3. HP: 25/31 MP: 3/3
  1098 | D:2      | Reached skill level 1 in Invocations
  1553 | D:2      | Reached skill level 1 in Long Blades
  1553 | D:2      | Reached skill level 1 in Axes
  1553 | D:2      | Reached skill level 1 in Maces & Flails
  1553 | D:2      | Reached skill level 1 in Staves
  1553 | D:2      | Reached skill level 1 in Slings
  1553 | D:2      | Reached skill level 1 in Bows
  1553 | D:2      | Reached skill level 1 in Crossbows
  1553 | D:2      | Reached skill level 1 in Throwing
  1553 | D:2      | Reached skill level 1 in Armour
  1553 | D:2      | Reached skill level 1 in Shields
  1553 | D:2      | Reached skill level 1 in Unarmed Combat
  1553 | D:2      | Reached skill level 1 in Spellcasting
  1778 | D:3      | Reached XP level 4. HP: 38/38 MP: 5/5
  2121 | D:3      | You fall into a shaft and drop 3 floors!
  2162 | D:5      | Entered Level 5 of the Dungeon
  2175 | D:5      | Reached skill level 1 in Conjurations
  2175 | D:5      | Reached skill level 1 in Hexes
  2175 | D:5      | Reached skill level 1 in Summonings
  2175 | D:5      | Reached skill level 1 in Necromancy
  2175 | D:5      | Reached skill level 1 in Translocations
  2175 | D:5      | Reached skill level 1 in Transmutations
  2175 | D:5      | Reached skill level 1 in Fire Magic
  2175 | D:5      | Reached skill level 1 in Ice Magic
  2175 | D:5      | Reached skill level 1 in Air Magic
  2175 | D:5      | Reached skill level 1 in Earth Magic
  2175 | D:5      | Reached skill level 1 in Poison Magic
  2324 | D:4      | Noticed Ijyb
  2341 | D:4      | Killed Ijyb
  2342 | D:4      | Reached XP level 5. HP: 27/43 MP: 5/7
  2471 | D:4      | Noticed Duvessa
  2471 | D:4      | Noticed Dowan
  2496 | D:4      | HP: 3/64 [Dowan/+0 dagger of electrocution (8)]
  2499 | D:4      | Slain by Dowan

Illustrated notes

Levels and vault maps discovered:
D:1:      dpeg_arrival_erosion, layout_loops_ring
D:2:      layout_loops_corners
D:3:      layout_loops_cross, nicolae_qazlal_style_of_elements
D:4:      layout_basic, gammafunk_ghost_stat_death, grunt_decor_arrowhead,
          makhleb_heckhound_becter, uniq_menkaure, uniq_ijyb, uniq_duvessa
D:5:      layout_loops_ring, minmay_temple_entry_nine_rooms, serial_shops, shop,
          roderic_batcave, minmay_small_thing
D:6:      layout_basic

Skill      XL: |  1  2  3  4 |
---------------+-------------+-----
Invocations    | 1 |  1.5
Long Blades    | 1 |  1.4
Axes           | 1 |  1.4
Maces & Flails | 1 |  1.4
Staves         | 1 |  1.4
Slings         | 1 |  1.4
Bows           | 1 |  1.4
Crossbows      | 1 |  1.4
Throwing       | 1 |  1.4
Armour         | 1 |  1.4
Shields        | 1 |  1.4
Unarmed Combat | 1 |  1.4
Spellcasting   | 1 |  1.4
Conjurations   | 1 |  1.1
Hexes          | 1 |  1.1
Summonings     | 1 |  1.1
Necromancy     | 1 |  1.1
Translocations | 1 |  1.1
Transmutations | 1 |  1.1
Fire Magic     | 1 |  1.1
Ice Magic      | 1 |  1.1
Air Magic      | 1 |  1.1
Earth Magic    | 1 |  1.1
Poison Magic   | 1 |  1.1
Fighting       | |  4.7
Short Blades   | |  2.9
Polearms       | |  6.6
Dodging        | |  2.9
Stealth        | |  4.3
Evocations     | |  2.9

Action                   |  1- 3 |  4- 6 || total
-------------------------+-------+-------++-------
Melee: Spear             |   108 |    61 ||   169
       Bite              |    10 |     7 ||    17
       Punch             |     1 |       ||     1
       Unarmed           |       |    12 ||    12
  Use: Scroll            |     5 |     1 ||     6
       Potion            |       |     2 ||     2
 Stab: Sleeping          |    20 |     6 ||    26
       Distracted        |       |     1 ||     1
Armor: Robe              |     4 |     4 ||     8
       Skin              |       |     8 ||     8
Dodge: Dodged            |    29 |    27 ||    56
